 Dungeon Crawl Stone Soup version 0.30-a0-576-g89cddaab80 (webtiles) character file.

Game seed: 14741699857276446892

359 themarg the Insei (level 6, -6/47 HPs)
             Began as a Gnoll Transmuter on Dec 30, 2022.
             Mangled by an orc
             ... wielding a +0 trident of freezing
              (7 damage)
             ... on level 3 of the Dungeon.
             The game lasted 00:06:06 (1932 turns).

themarg the Insei (Gnoll Transmuter)                Turns: 1932, Time: 00:06:07

Health: -6/47      AC:  2    Str:  7 (9)  XL:     6   Next: 65%
Magic:  11/14      EV: 21    Int: 13 (15) God:
Gold:   26         SH:  0    Dex: 15 (17) Spells: 9/15 levels left

rFire   . . .      SeeInvis .      - Unarmed
rCold   . . .      Faith    .    (shield currently unavailable)
rNeg    . . .      Spirit   .    (body armour currently unavailable)
rPois   x          Reflect  .    (helmet currently unavailable)
rElec   .          Harm     .    (cloak currently unavailable)
rCorr   .          Rampage  .    (gloves currently unavailable)
Will    .....                    (boots currently unavailable)
Stlth   ++                       (no amulet)
HPRegen 0.27/turn                (no ring)
MPRegen 0.14/turn                (no ring)

@: lethally poisoned (-6 -> -10), spider-form
A: venomous fangs, tiny, (fangs 1), strong nose, distributed training
a: End Transformation


You were on level 3 of the Dungeon.
You were a venomous arachnid creature.
You visited 1 branch of the dungeon, and saw 3 of its levels.

You collected 26 gold pieces.

Inventory:

Hand Weapons
 d - a +0 short sword
 k - a +2 dagger of venom (melded)
Missiles
 f - 46 stones
 i - 2 poisoned darts
Armour
 a - a +0 robe (melded)
 o - a +0 cloak (melded)
Jewellery
 m - a ring of fire
Wands
 l - a wand of polymorph (4)
Scrolls
 e - a scroll of poison {unknown}
 g - 3 scrolls of identify {unknown}
 h - 5 scrolls of teleportation
 j - 2 scrolls of noise {unknown}
 n - 2 scrolls of blinking {unknown}
Potions
 b - a potion of lignification
 c - a potion of magic {unknown}
 p - a potion of degeneration
 q - 2 potions of might {unknown}


   Skills:
 + Level 3.3 Fighting
 + Level 2.1 Short Blades
 + Level 2.1 Long Blades
 + Level 2.1 Axes
 + Level 2.1 Maces & Flails
 + Level 2.1 Polearms
 + Level 2.1 Staves
 + Level 2.1 Ranged Weapons
 + Level 2.1 Throwing
 + Level 2.1 Armour
 + Level 5.0 Dodging
 + Level 2.1 Stealth
 + Level 2.1 Shields
 + Level 6.9 Unarmed Combat
 + Level 5.4 Spellcasting
 + Level 1.7 Conjurations
 + Level 1.7 Hexes
 + Level 1.7 Summonings
 + Level 1.7 Necromancy
 + Level 1.7 Translocations
 + Level 4.2 Transmutations
 + Level 1.7 Fire Magic
 + Level 1.7 Ice Magic
 + Level 1.7 Air Magic
 + Level 1.7 Earth Magic
 + Level 1.7 Poison Magic
 + Level 2.3 Invocations
 + Level 2.1 Evocations


You had 9 spell levels left.
You knew the following spells:

 Your Spells              Type           Power      Damage    Failure   Level
a - Beastly Appendage     Tmut           28%        N/A       11%         1
b - Wereblood             Tmut           14%        N/A       14%         2
c - Spider Form           Tmut/Pois      11%        N/A       34%         3

Your spell library contained the following spells:

 Spells                   Type           Power      Damage    Failure   Level
 Ice Form                 Ice/Tmut       11%        N/A       69%         4


Dungeon Overview and Level Annotations

Branches:
Dungeon (3/15)

Altars:

Shops:
D:1 *

Annotations:
D:3 2 exclusions


Innate Abilities, Weirdness & Mutations

You are a venomous arachnid creature.
You have poisonous fangs.
You are tiny and dextrous.
Your spellcasting is less reliable in this form.
Your armour is entirely melded.
You are incapable of wielding weapons or throwing items.
((You have very sharp teeth.))
Your uncanny sense of smell can sniff out nearby items.
Your experience applies equally to all skills.


Message History

The adder hisses angrily.
Something hits you.
You bump into the rock wall.
You bump into the rock wall.
The orc misses you.
You bump into the rock wall.
The adder completely misses you. The orc misses you.
Something barely misses you. The orc closely misses you.
You barely miss the adder. The adder completely misses you. The orc misses you.
Something hits you but does no damage.
You bump into the rock wall.
The adder misses you.
The orc hits you from afar with a +0 trident of freezing.
The orc freezes you. The orc misses you. Something hits you but does no damage.
You bump into the rock wall.
You feel less confused. The adder bites you.
You are poisoned.
The adder poisons you! Something hits you.
The orc hits you from afar with a +0 trident of freezing.
The orc freezes you. The adder bites you.
* * * LOW HITPOINT WARNING * * *
You bite something!
* * * LOW HITPOINT WARNING * * *
You feel very sick.
Reactivating autopickup.
You feel a bit more experienced. The adder completely misses you.
You hit the adder.
The adder is heavily wounded.
You feel sick. The orc misses you. The orc closely misses you.
The adder misses you.
You barely miss the adder.
The adder is heavily wounded.
You feel sick.
The orc misses you. x2; The orc hits you with a +0 mace.
* * * LOW HITPOINT WARNING * * *
The adder closely misses you.
Okay, then.
It was a potion of degeneration.
There was something very wrong with that liquid.
You feel weakened.
You feel dopey.
You feel clumsy.
* * * LOW HITPOINT WARNING * * *
You feel sick. The adder misses you.
The orc hits you from afar with a +0 trident of freezing!
You die...

...............#
######.###.###.#
#.###.# #.#
#.##...##.#######
.........)......#
..##...##.#####.#
##.###.###.# ∆
#.#
#.###?#####.###
#....†Sso......
#..###.##o.#.###
# .... .o..# ∆
.....~ .......
#..~.~~~~~..##..
##~S#~#~##### .
#~~~~ ~~ ## ##


You could see an adder and 3 orcs.

Vanquished Creatures
  Sigmund (D:2)
  Crazy Yiuf (D:2)
  An orc wizard (D:3)
  Terence (D:2)
  Natasha (thrice) (D:2)
  An adder (D:3)
  A worm (D:3)
  A dart slug (D:1)
  4 bats
  8 endoplasms
  2 giant cockroaches
  A goblin (D:3)
  7 hobgoblins
  4 jackals (D:2)
  A quokka (D:1)
  6 ball pythons
  2 frilled lizards
  2 kobolds
  4 rats
51 creatures vanquished.

Notes
Turn   | Place    | Note
-------+----------+-------------------------------------------
     0 | D:1      | themarg the Gnoll Transmuter began the quest for the Orb.
     0 | D:1      | Reached XP level 1. HP: 17/17 MP: 6/6
   207 | D:1      | Found Aracunoc's General Store.
   234 | D:1      | Reached XP level 2. HP: 20/23 MP: 5/7
   238 | D:1      | Learned a level 2 spell: Wereblood
   531 | D:1      | Reached skill level 5 in Spellcasting
   531 | D:1      | Reached XP level 3. HP: 28/28 MP: 6/9
   743 | D:2      | Noticed Terence
   792 | D:2      | Noticed Natasha
   799 | D:2      | Killed Natasha
   800 | D:2      | Reached skill level 1 in Short Blades
   800 | D:2      | Reached skill level 1 in Long Blades
   800 | D:2      | Reached skill level 1 in Axes
   800 | D:2      | Reached skill level 1 in Maces & Flails
   800 | D:2      | Reached skill level 1 in Polearms
   800 | D:2      | Reached skill level 1 in Staves
   800 | D:2      | Reached skill level 1 in Ranged Weapons
   800 | D:2      | Reached skill level 1 in Throwing
   800 | D:2      | Reached skill level 1 in Armour
   800 | D:2      | Reached skill level 1 in Stealth
   800 | D:2      | Reached skill level 1 in Shields
   800 | D:2      | Reached skill level 1 in Invocations
   800 | D:2      | Reached skill level 1 in Evocations
   879 | D:2      | Found a runed translucent door.
   880 | D:2      | Noticed Crazy Yiuf
   903 | D:2      | Reached XP level 4. HP: 34/34 MP: 9/11
   936 | D:2      | Learned a level 3 spell: Spider Form
   954 | D:2      | Killed Terence
   955 | D:2      | Reached skill level 1 in Conjurations
   955 | D:2      | Reached skill level 1 in Hexes
   955 | D:2      | Reached skill level 1 in Summonings
   955 | D:2      | Reached skill level 1 in Necromancy
   955 | D:2      | Reached skill level 1 in Translocations
   955 | D:2      | Reached skill level 1 in Fire Magic
   955 | D:2      | Reached skill level 1 in Ice Magic
   955 | D:2      | Reached skill level 1 in Air Magic
   955 | D:2      | Reached skill level 1 in Earth Magic
   955 | D:2      | Reached skill level 1 in Poison Magic
  1080 | D:2      | Noticed Natasha
  1099 | D:2      | Killed Natasha
  1100 | D:2      | Reached XP level 5. HP: 40/40 MP: 7/12
  1192 | D:2      | Noticed Natasha
  1193 | D:2      | Noticed Sigmund
  1203 | D:2      | Killed Natasha
  1216 | D:2      | Killed Sigmund
  1217 | D:2      | Reached skill level 5 in Dodging
  1217 | D:2      | Reached XP level 6. HP: 11/47 MP: 4/14
  1664 | D:2      | Killed Crazy Yiuf
  1931 | D:3      | HP: 2/47 [orc/+0 mace (6)]
  1932 | D:3      | Mangled by an orc

Illustrated notes

Levels and vault maps discovered:
D:1:      evilmike_arrival_plus, layout_basic, serial_shops,
          nicolae_shop_hallway_plus
D:2:      layout_basic, uniq_terence, uniq_natasha, uniq_sigmund,
          uniq_crazy_yiuf_cottage
D:3:      layout_loops_ring, lightli_sewer_entry_pipes, solitary_fountain

Skill      XL: |  1  2  3  4  5 |
---------------+----------------+-----
Spellcasting   | 5 |  5.4
Short Blades   | 1 2 |  2.1
Long Blades    | 1 2 |  2.1
Axes           | 1 2 |  2.1
Maces & Flails | 1 2 |  2.1
Polearms       | 1 2 |  2.1
Staves         | 1 2 |  2.1
Ranged Weapons | 1 2 |  2.1
Throwing       | 1 2 |  2.1
Armour         | 1 2 |  2.1
Stealth        | 1 2 |  2.1
Shields        | 1 2 |  2.1
Invocations    | 1 2 |  2.3
Evocations     | 1 2 |  2.1
Conjurations   | 1 |  1.7
Hexes          | 1 |  1.7
Summonings     | 1 |  1.7
Necromancy     | 1 |  1.7
Translocations | 1 |  1.7
Fire Magic     | 1 |  1.7
Ice Magic      | 1 |  1.7
Air Magic      | 1 |  1.7
Earth Magic    | 1 |  1.7
Poison Magic   | 1 |  1.7
Fighting       | 3 |  3.3
Dodging        | 5 |  5.0
Transmutations | 4 |  4.2
Unarmed Combat | |  6.9

Action                   |  1- 3 |  4- 6 || total
-------------------------+-------+-------++-------
Melee: Short sword       |    51 |       ||    51
       Kick              |    11 |       ||    11
       Headbutt          |     8 |       ||     8
       Punch             |     2 |       ||     2
       Bite              |     2 |       ||     2
       Dagger            |     5 |       ||     5
       Unarmed           |       |    59 ||    59
 Cast: Beastly Appendage |    21 |       ||    21
       Wereblood         |     1 |     2 ||     3
       Spider Form       |       |    13 ||    13
  Use: Scroll            |     1 |       ||     1
       Potion            |       |     1 ||     1
 Stab: Sleeping          |       |     1 ||     1
Armor: Robe              |    12 |       ||    12
       Skin              |       |     5 ||     5
Dodge: Dodged            |    41 |    55 ||    96

Table legend: (Time is in decaauts)
 A = Elapsed time spent in this place.
 B = Non-inter-level travel time spent in this place.
 C = Inter-level travel time spent in this place.
 D = Time resting spent in this place.
 E = Time spent auto-exploring this place.
 F = Levels seen in this place.
 G = Mean time per level.
                   A        B        C        D        E       F      G
               +--------+--------+--------+--------+--------+-----+--------+
         Total |   1923 |   1865 |     58 |     49 |   1350 |   3 |  641.0 |
       Dungeon |   1923 |   1865 |     58 |     49 |   1350 |   3 |  641.0 |
               +--------+--------+--------+--------+--------+-----+--------+

Top non-repeatable levels by time:
     D:2: 1039 daAuts
     D:1: 746 daAuts
     D:3: 138 daAuts
